 Dungeon Crawl Stone Soup version 0.27.1-35-g4d5d836560 (webtiles) character file.

Game seed: 6088599980789504870

324 Delamore the Covert (level 6, -2/39 HPs)
             Began as an Octopode Brigand on Mar 8, 2022.
             Slain by a wyvern (5 damage)
             ... on level 4 of the Dungeon.
             The game lasted 00:03:25 (3537 turns).

Delamore the Covert (Octopode Brigand)              Turns: 3537, Time: 00:03:26

Health: -2/39      AC:  1    Str: 10    XL:     6   Next: 48%
Magic:  6/6        EV: 17    Int: 13    God:
Gold:   145        SH:  0    Dex: 16    Spells: 5/5 levels left

rFire    . . .     SeeInvis .   a - +2 dagger
rCold    . . .     Faith    .   (no shield)
rNeg     . . .     Spirit   .   (helmet restricted)
rPois    .         Reflect  .   (no amulet)
rElec    .         Harm     .   d - +4 ring of evasion
rCorr    .         Rampage  .   (no ring)
Will     .....                  (no ring)
Stlth    +++++.....             (no ring)
HPRegen  0.13/turn              (no ring)
MPRegen  0.10/turn              (no ring)
                                (no ring)
                                (no ring)

@: no status effects
A: almost no armour, amphibious, 8 rings, camouflage 1, gelatinous body 1,
(nimble swimmer 1), tentacles
a: no special abilities


You were on level 4 of the Dungeon.
You visited 1 branch of the dungeon, and saw 6 of its levels.

You collected 145 gold pieces.

Inventory:

Hand Weapons
 a - a +2 dagger (weapon)
Missiles
 b - 7 poisoned darts (quivered)
 c - 2 curare-tipped darts
Armour
 h - a +0 tower shield
Jewellery
 d - a +4 ring of evasion (left tentacle)
Scrolls
 g - a scroll of fog
 i - a scroll of fear {unknown}
 j - a scroll of immolation {unknown}
 n - a scroll of magic mapping {unknown}
 o - a scroll of noise {unknown}
 s - a scroll of silence {unknown}
 t - a scroll of acquirement {unknown}
Potions
 e - a potion of degeneration {unknown}
 f - 2 potions of flight {unknown}
 k - a potion of heal wounds
 l - a potion of resistance {unknown}
 m - a potion of lignification {unknown}
 p - 4 potions of curing {unknown}
 r - a potion of magic {unknown}


   Skills:
 - Level 2.0 Fighting
 + Level 4.1 Short Blades
 - Level 2.0 Throwing
 - Level 1.0 Dodging
 * Level 9.2 Stealth


You had 5 spell levels left.
You didn't know any spells.
Your spell library contained the following spells:

 Spells                   Type           Power      Damage    Failure   Level
 Animate Skeleton         Necr           0%         N/A       30%         1
 Beastly Appendage        Tmut           0%         N/A       30%         1
 Pain                     Necr           0%         1d4       30%         1
 Wereblood                Tmut           0%         N/A       43%         2
 Spider Form              Tmut/Pois      0%         N/A       67%         3
 Vampiric Draining        Necr           0%         2d6       67%         3


Dungeon Overview and Level Annotations

Branches:
Dungeon (6/15)
 Temple: D:4-7

Altars:
Yredelemnul


Innate Abilities, Weirdness & Mutations

You cannot wear most types of armour.
You are amphibious.
You can wear up to eight rings at the same time.
Your skin changes colour to match your surroundings (Stealth+).
Your rubbery body absorbs attacks. (AC +1, EV +1)
((You are camouflaged near water. (Stealth+)))
You have tentacles for arms and can constrict up to eight enemies at once.


Message History

The howler monkey hoots and howls with incredible vigour!
A dart slug comes into view.
The wyvern bites you!
* * * LOW HITPOINT WARNING * * *
You hear a shout! x3
The howler monkey closely misses you.
You see here an amulet of magic regeneration.
The howler monkey hoots and howls with incredible vigour!
The wyvern closely misses you.
You hear an angry hiss.
You see here a metallic red potion.
The wyvern misses you. The wyvern completely misses you.
The howler monkey hoots and howls with incredible vigour!
You hear a shout!
The wyvern misses you.
Throw: 2 darts (atropa)
Press: ? - help, Q - select action, (/) - cycle Shift-Dir - straight line, f - wyvern
Aim: a wyvern (62% to hit, chance to blind on hit: 73%)
You throw an atropa-tipped dart. The atropa-tipped dart hits the wyvern.
The wyvern resists.
The wyvern bites you.
* * * LOW HITPOINT WARNING * * *
The wyvern misses you.
Throw: dart (atropa)
Press: ? - help, Q - select action, (/) - cycle Shift-Dir - straight line, f/p - wyvern
Aim: a wyvern (62% to hit, chance to blind on hit: 75%)
You throw an atropa-tipped dart.
The atropa-tipped dart barely misses the wyvern.
The atropa-tipped dart hits the howler monkey.
The howler monkey appears confused.
The howler monkey completely misses the wyvern.
The wyvern barely misses you.
Throw: 8 darts (poison)
Press: ? - help, Q - select action, (/) - cycle Shift-Dir - straight line, f/p - wyvern
Aim: a wyvern (62% to hit)
You throw a poisoned dart. The poisoned dart hits the wyvern.
The wyvern is poisoned.
The howler monkey seems less confused.
The wyvern bites you.
You die...

#....!##'###
#####.# #.##
#..# # #..#.#
#....# #h#..#
#l#.>.$.
#@####### #.#
#.# #.# #.# #.#
#.#
#.##############
#.............<#


You could see a wyvern (poisoned) and a howler monkey (blind).

Vanquished Creatures
  A centaur zombie (D:6)
  A hound (D:4)
  Crazy Yiuf (D:2)
  An iguana (D:6)
  An orc wizard (D:3)
  Terence (D:2)
  Natasha (thrice) (D:2)
  A gnoll (D:1)
  5 dart slugs
  4 orcs (D:3)
  3 endoplasms
  A giant cockroach (D:1)
  3 goblins
  4 hobgoblins
  8 jackals (D:1)
  9 kobolds
  2 quokkas
  2 ball pythons
  4 bats
  3 frilled lizards (D:1)
  3 rats
61 creatures vanquished.

Notes
Turn   | Place    | Note
-------+----------+-------------------------------------------
     0 | D:1      | Delamore the Octopode Brigand began the quest for the Orb.
     0 | D:1      | Reached XP level 1. HP: 14/14 MP: 1/1
   169 | D:1      | Reached XP level 2. HP: 9/19 MP: 2/2
   476 | D:1      | Reached skill level 6 in Stealth
   496 | D:1      | Reached XP level 3. HP: 14/24 MP: 3/3
   875 | D:2      | Noticed Natasha
   876 | D:2      | Killed Natasha
   877 | D:2      | Reached XP level 4. HP: 29/29 MP: 4/4
   947 | D:2      | Reached skill level 7 in Stealth
  1005 | D:2      | Found a faded altar of an unknown god.
  1205 | D:2      | Noticed Natasha
  1211 | D:2      | Killed Natasha
  1225 | D:2      | Found a runed translucent door.
  1226 | D:2      | Noticed Crazy Yiuf
  1275 | D:2      | Noticed Natasha
  1281 | D:2      | Killed Natasha
  1282 | D:2      | Reached XP level 5. HP: 34/34 MP: 5/5
  1386 | D:2      | Noticed Terence
  1387 | D:2      | Found a basalt altar of Yredelemnul.
  1394 | D:2      | Killed Terence
  1458 | D:2      | Reached skill level 8 in Stealth
  1853 | D:2      | Killed Crazy Yiuf
  2306 | D:3      | You fall into a shaft and drop 3 floors!
  2326 | D:6      | Reached XP level 6. HP: 20/39 MP: 6/6
  2475 | D:6      | Reached skill level 9 in Stealth
  2503 | D:5      | Entered Level 5 of the Dungeon
  3517 | D:4      | Noticed a wyvern
  3537 | D:4      | Slain by a wyvern

Illustrated notes

Levels and vault maps discovered:
D:1:      wander_arrival_estate, layout_rooms
D:2:      layout_loops_corners, shapermc_ecumenical_altar_totnotflames,
          minmay_misc_feat_encased, minmay_hexomino_r4, uniq_natasha,
          uniq_terence, uniq_crazy_yiuf_cottage
D:3:      layout_basic
D:4:      layout_basic
D:5:      layout_rooms
D:6:      layout_basic, temple_hall, gup_sewer_entry_bowl,
          hangedman_decor_growths, minivault_1

Skill      XL: |  1  2  3  4  5  6 |
---------------+-------------------+-----
Stealth        | 6 7 8 9 |  9.2
Short Blades   | 3 4 |  4.1
Fighting       | |  2.0
Throwing       | |  2.0
Dodging        | |  1.0

Action                   |  1- 3 |  4- 6 || total
-------------------------+-------+-------++-------
Melee: Dagger            |    37 |   100 ||   137
       Constrict         |    11 |    11 ||    22
       Tentacles         |    10 |    22 ||    32
Throw: Dart              |       |     3 ||     3
  Use: Scroll            |       |     3 ||     3
       Potion            |       |     3 ||     3
 Stab: Sleeping          |     6 |    17 ||    23
       Distracted        |       |     2 ||     2
Armor: Skin              |     4 |       ||     4
Dodge: Dodged            |    28 |    63 ||    91
